 Dungeon Crawl Stone Soup version 0.30-a0-4-ga7cffc901d (webtiles) character file.

Game seed: 14177173451237143089

55 Setbun the Vexing (level 3, -1/18 HPs)
             Began as a Spriggan Arcane Marksman on Aug 20, 2022.
             Slain by an adder (2 damage)
             ... on level 2 of the Dungeon.
             The game lasted 00:02:54 (1738 turns).

Setbun the Vexing (Spriggan Arcane Marksman)        Turns: 1738, Time: 00:02:55

Health: -1/18      AC:  2    Str:  6    XL:     3   Next: 67%
Magic:  7/7        EV: 18    Int: 14    God:
Gold:   74         SH:  0    Dex: 17    Spells: 5/6 levels left

rFire   . . .      SeeInvis +    a - +1 sling
rCold   . . .      Faith    .    (no shield)
rNeg    . . .      Spirit   .    c - +0 robe
rPois   .          Reflect  .    (helmet restricted)
rElec   .          Harm     .    (no cloak)
rCorr   .          Rampage  .    (gloves unavailable)
Will    +....                    (boots unavailable)
Stlth   ++........               (no amulet)
HPRegen 0.06/turn                d - ring of willpower
MPRegen 0.10/turn                (no ring)

@: lethally poisoned (-1 -> -4), very quick
A: very small, no large weapons, unfitting armour, see invisible, speed 3
a: no special abilities


You were on level 2 of the Dungeon.
You visited 1 branch of the dungeon, and saw 2 of its levels.

You collected 74 gold pieces.

Inventory:

Hand Weapons
 a - a +1 sling (weapon)
 f - a +0 short sword
Armour
 c - a +0 robe (worn)
Jewellery
 d - a ring of willpower (left hand)
Scrolls
 b - a scroll of poison
 e - a scroll of magic mapping {unknown}
 k - a scroll of vulnerability {unknown}
Potions
 g - a potion of cancellation {unknown}
 h - 2 potions of attraction {unknown}
 i - a potion of ambrosia {unknown}
 j - 2 potions of curing {unknown}


   Skills:
 + Level 1.1 Fighting
 + Level 2.3 Ranged Weapons
 + Level 3.3 Dodging
 * Level 3.0 Stealth
 + Level 2.0 Spellcasting
 + Level 3.9 Hexes


You had 5 spell levels left.
You knew the following spells:

 Your Spells              Type           Power      Damage    Failure   Level
a - Slow                  Hex            48%        N/A       4%          1

Your spell library contained the following spells:

 Spells                   Type           Power      Damage    Failure   Level
 Inner Flame              Hex/Fire       6%         N/A       32%         3
 Portal Projectile        Hex/Tloc       12%        N/A       32%         3
 Cause Fear               Hex            6%         N/A       43%         4


Dungeon Overview and Level Annotations

Branches:
Dungeon (2/15)

Altars:


Innate Abilities, Weirdness & Mutations

You are very small and have problems with some larger weapons.
You are too small for most types of armour.
You have supernaturally acute eyesight. (SInv)
You cover ground extremely quickly. (Speed+++)


Message History

You are too injured to fight recklessly!
You are too injured to fight recklessly!
You are too injured to fight recklessly!
You are too injured to fight recklessly!
You are too injured to fight recklessly!
You are too injured to fight recklessly!
You are too injured to fight recklessly!
You are too injured to fight recklessly!
You are too injured to fight recklessly!
You are too injured to fight recklessly!
You are too injured to fight recklessly!
You are too injured to fight recklessly!
Fire: a) +1 sling
Press: ? - help, Q - select action, (/) - cycle Shift-Dir - straight line, f/p - adder
Aim: an adder (heavily wounded, 40% to hit)
You shoot a sling bullet. The sling bullet hits the adder.
The adder is severely wounded.
The adder barely misses you.
Fire: a) +1 sling
Press: ? - help, Q - select action, (/) - cycle Shift-Dir - straight line, f/p - adder
Aim: an adder (severely wounded, 40% to hit)
You shoot a sling bullet. The sling bullet misses the adder.
The adder bites you but does no damage. The adder misses you.
Fire: a) +1 sling
Press: ? - help, Q - select action, (/) - cycle Shift-Dir - straight line, f/p - adder
Aim: an adder (severely wounded, 40% to hit)
You shoot a sling bullet.
The sling bullet barely misses the adder.
The adder bites you.
* * * LOW HITPOINT WARNING * * *
You are lethally poisoned!
The adder poisons you! The adder completely misses you.
Fire: a) +1 sling
Press: ? - help, Q - select action, (/) - cycle Shift-Dir - straight line, f/p - adder
Aim: an adder (severely wounded, 40% to hit)
You shoot a sling bullet.
The sling bullet barely misses the adder.
* * * LOW HITPOINT WARNING * * *
You feel sick. The adder bites you.
You die...

#...# ######### #...#
..........#######...########
....................'.......
#......## ##......######.#
#.####.# #...#### .....# .
#.(.# +##
#.##.#########...##.....
#.##.........+..@''.....
#......#######..S##.....
######......##...# ####
.......####.##...# ######.#
..... #.# #...## #.# .#.#
..# .#.# ###


You could see an adder.

Vanquished Creatures
  A worm (D:2)
  2 dart slugs (D:1)
  4 ball pythons
  4 endoplasms
  3 giant cockroaches
  3 goblins (D:1)
  4 hobgoblins (D:1)
  3 quokkas (D:1)
  6 bats
  A frilled lizard (D:1)
  8 kobolds (D:1)
  5 rats
44 creatures vanquished.

Vanquished Creatures (others)
  4 plants (D:1)
4 creatures vanquished.

Grand Total: 48 creatures vanquished

Notes
Turn   | Place    | Note
-------+----------+-------------------------------------------
     0 | D:1      | Setbun the Spriggan Arcane Marksman began the quest for the
                  | Orb.
     0 | D:1      | Reached XP level 1. HP: 9/9 MP: 3/3
   111 | D:1      | Reached skill level 1 in Stealth
   120 | D:1      | Reached XP level 2. HP: 14/14 MP: 5/5
   216 | D:1      | Reached skill level 1 in Fighting
  1030 | D:1      | Reached XP level 3. HP: 18/18 MP: 6/6
  1738 | D:2      | Slain by an adder

Illustrated notes

Levels and vault maps discovered:
D:1:      minmay_arrival_four_houses, layout_basic, minmay_misc_feat_tower,
          serial_bayou_pond_b
D:2:      minmay_inner_zag, layout_basic, basic_altar, chequers_avenue,
          minmay_cupped

Skill      XL: |  1  2  3 |
---------------+----------+-----
Stealth        | 1 2 3 |  3.0
Dodging        | 3 |  3.3
Fighting       | 1 |  1.1
Spellcasting   | 2 |  2.0
Ranged Weapons | |  2.3
Hexes          | |  3.9

Action                   || total
-------------------------++-------
Melee: Short sword       ||    21
 Fire: Sling             ||   117
 Cast: Slow              ||     5
 Stab: Distracted        ||     1
       Sleeping          ||     1
Armor: Robe              ||    11
Dodge: Dodged            ||    62

Table legend: (Time is in decaauts)
 A = Elapsed time spent in this place.
 B = Non-inter-level travel time spent in this place.
 C = Inter-level travel time spent in this place.
 D = Time resting spent in this place.
 E = Time spent auto-exploring this place.
 F = Levels seen in this place.
 G = Mean time per level.
                   A        B        C        D        E       F      G
               +--------+--------+--------+--------+--------+-----+--------+
         Total |   1501 |   1488 |     13 |    386 |    822 |   2 |  750.5 |
       Dungeon |   1501 |   1488 |     13 |    386 |    822 |   2 |  750.5 |
               +--------+--------+--------+--------+--------+-----+--------+

Top non-repeatable levels by time:
     D:1: 1081 daAuts
     D:2: 420 daAuts
